AoeStats
← Bazz

Arabia

510418252Analyzed
1v1 RM · 2d ago on Sep 30, 2026· 48m 11s· 2 players
Game mode
Random Map
Map size
Tiny (2 player)
Population
200
Speed
Normal
Resources
Standard
Victory
Conquest
Starting age
Dark Age
Ending age
Imperial Age
RankedLock teamsTeams togetherTeam positionsShared explorationLock speedFull tech treeHidden civsTurbo modeCheats
Victory
Defeat
🇦🇺 Byzantines · Australia
939
+14
🇨🇱 Varangians · Chile
901
-14
Mago Jardinero
7:07 Loom
10:19 Feudal Age
17:36 Horse Collar
17:44 Double-Bit Axe
22:41 Castle Age
21:00 Forging
22:42 Bloodlines
25:22 Wheelbarrow
25:30 Scale Mail Armor
26:04 Stone Mining
26:54 Bloodlines
26:44 Husbandry
27:26 Scale Barding Armor
28:03 Arson
32:18 Gold Mining
38:19 Iron Casting
37:59 Chain Mail Armor
38:04 Fletching
39:21 Squires
39:07 Gambesons
39:47 Bow Saw
40:10 Town Watch
40:55 Pikeman
42:30 Ballistics
45:51 Imperial Age
44:05 Bodkin Arrow
44:37 Chain Barding Armor
46:02 Elite Varangian Guard
47:35 Stone Shaft Mining
Bazz
7:17 Loom
9:56 Feudal Age
12:41 Double-Bit Axe
13:48 Horse Collar
17:52 Forging
17:47 Scale Barding Armor
20:28 Fletching
20:40 Padded Archer Armor
21:25 Wheelbarrow
24:32 Castle Age
24:56 Scale Mail Armor
24:37 Pikeman
26:37 Iron Casting
25:58 Bodkin Arrow
28:58 Imperial Age
26:17 Light Cavalry
27:56 Elite Skirmisher
32:11 Heavy Camel Rider
32:53 Husbandry
33:48 Gold Mining
34:39 Iron Casting
34:09 Scale Barding Armor
36:37 Chain Barding Armor
36:58 Thumb Ring
40:29 Chemistry
40:15 Hand Cart
41:42 Block Printing
43:45 Plate Barding Armor
43:07 Bodkin Arrow
44:24 Leather Archer Armor
44:35 Ballistics
45:25 Bow Saw
45:10 Elite Cataphract
Connection lost

Rejoining the realm…

Still unreachable

The connection could not be restored.

Session expired

The server has moved on; the page needs a fresh start.